[Event "Titled Tuesday Blitz March 01 Late 2022"]
[White "Tomiello, Mateus Costamilan"]
[Black "Kaplan, Ebru"]
[WhiteFideId "22701958"]
[BlackFideId "6315194"]
[WhiteElo "1975"]
[BlackElo "1941"]
[Result "1-0"]
[Round "01"]
[TimeControl "180+1"]
[Date "2022.03.02"]
[WhiteClock "0:02:41"]
[BlackClock "0:02:39"]

1. e4 c5 2. Nf3 d6 3. d4 cxd4 4. Nxd4 Nf6 5. Nc3 a6 6. Be2 e6 7. O-O Be7 8. f4 b5 9. e5 dxe5 10. fxe5 Nd5 11. Nxd5 Qxd5 12. Bf3 1-0


[Site "https://www.chess.com"]

[Event "Titled Tuesday Blitz March 01 Late 2022"]
[White "Toncheva, Nadya"]
[Black "Daggupati, Balaji"]
[WhiteFideId "2924056"]
[BlackFideId "2090759"]
[WhiteElo "1920"]
[BlackElo "2748"]
[Result "0-1"]
[Round "01"]
[TimeControl "180+1"]
[Date "2022.03.02"]
[WhiteClock "0:00:18"]
[BlackClock "0:01:35"]

1. e4 c5 2. Nf3 e6 3. d4 cxd4 4. Nxd4 Nf6 5. f3 d5 6. exd5 Nxd5 7. Bb5+ Bd7 8. Bxd7+ Nxd7 9. O-O Bc5 10. Kh1 O-O 11. c4 Nb4 12. a3 Bxd4 13. axb4 Nf6 14. Nd2 Qb6 15. Nb3 Be5 16. Qe1 Qc7 17. f4 Bd6 18. c5 Be7 19. Be3 Nd5 20. Bd4 Bf6 21. Rd1 Rad8 22. Rf3 Bxd4 23. Rxd4 Ne7 24. Rfd3 Nf5 25. Rxd8 Rxd8 26. Qd2 Rxd3 27. Qxd3 h5 28. g3 Qc6+ 29. Kg1 Qa4 30. Qc4 Qa2 31. Qc2 Ne3 32. Qd3 Nd5 33. Qd2 Qxb3 0-1


[Site "https://www.chess.com"]

[Event "Titled Tuesday Blitz March 01 Late 2022"]
[White "Urbina Perez, Juan Antonio"]
[Black "Salinas Herrera, Pablo"]
[WhiteFideId "2217368"]
[BlackFideId "3407128"]
[WhiteElo "2192"]
[BlackElo "2541"]
[Result "0-1"]
[Round "01"]
[TimeControl "180+1"]
[Date "2022.03.01"]
[WhiteClock "0:00:15"]
[BlackClock "0:00:56"]

1. e4 c5 2. Nf3 e6 3. c3 d5 4. exd5 exd5 5. d4 Nc6 6. Bb5 Bd6 7. dxc5 Bxc5 8. O-O Ne7 9. Bf4 O-O 10. Nbd2 a6 11. Bd3 Bf5 12. Nb3 Bb6 13. Re1 Qd7 14. Ne5 Nxe5 15. Bxe5 Ng6 16. Bd4 Bc7 17. Nc5 Qd6 18. g3 Bc8 19. Qd2 b6 20. Nb3 a5 21. a4 Bh3 22. Bf1 Nh4 23. Qd3 Bf5 24. Qd1 Be4 25. Nd2 Rfe8 26. Nxe4 dxe4 27. Bg2 Nxg2 28. Kxg2 Qe6 29. Qe2 Rad8 30. Rad1 Qb3 31. Qb5 Qxb5 32. axb5 f5 33. Be3 Kf7 34. Kf1 h6 35. h4 Kg6 36. Ke2 Kh5 37. Rxd8 Rxd8 38. f4 Kg4 39. Kf2 Rd3 40. Re2 g5 41. hxg5 hxg5 42. fxg5 Bxg3+ 43. Kg2 f4 44. Bxf4 Bxf4 45. g6 Kf5 46. g7 Rg3+ 47. Kf1 Rxg7 0-1


[Site "https://www.chess.com"]

[Event "Titled Tuesday Blitz March 01 Late 2022"]
[White "Van Foreest, Jorden"]
[Black "Griffith, Kyron"]
[WhiteFideId "1039784"]
[BlackFideId "2046318"]
[WhiteElo "2609"]
[BlackElo "2232"]
[Result "1-0"]
[Round "01"]
[TimeControl "180+1"]
[Date "2022.03.01"]
[WhiteClock "0:01:41"]
[BlackClock "0:00:51"]

1. g3 d5 2. Nf3 Nc6 3. d4 Bf5 4. Bg2 Nb4 5. Na3 e6 6. O-O Nf6 7. Nh4 Bg6 8. c3 Nc6 9. Nc2 Bd6 10. Bg5 Bxc2 11. Qxc2 h6 12. Bxf6 Qxf6 13. e4 dxe4 14. Bxe4 Nd8 15. Rae1 O-O 16. f4 c6 17. Nf3 g6 18. Ne5 Re8 19. h4 h5 20. Kg2 Rc8 21. b4 b6 22. Qa4 Rc7 23. Nxc6 Nxc6 24. Bxc6 Rec8 25. b5 a5 26. Qc2 Kg7 27. Qe4 Re7 28. Rf3 Rec7 29. Re2 Re7 30. c4 Rec7 31. Rc2 Rb8 32. c5 Bf8 33. a4 bxc5 34. dxc5 Rcc8 35. Rd3 Rd8 36. Rxd8 Rxd8 37. Qe5 Qxe5 38. fxe5 f6 39. b6 fxe5 40. Be4 1-0


[Site "https://www.chess.com"]

[Event "Titled Tuesday Blitz March 01 Late 2022"]
[White "Villegas, Pierre"]
[Black "Tari, Aryan"]
[WhiteFideId "654183"]
[BlackFideId "1510045"]
[WhiteElo "2410"]
[BlackElo "2567"]
[Result "0-1"]
[Round "01"]
[TimeControl "180+1"]
[Date "2022.03.01"]
[WhiteClock "0:00:03"]
[BlackClock "0:00:17"]

1. d4 d5 2. Nf3 Nf6 3. c3 Bf5 4. Qb3 Qc8 5. c4 dxc4 6. Qxc4 e6 7. Nc3 Be7 8. g3 O-O 9. Bg2 c5 10. O-O Nbd7 11. dxc5 Bxc5 12. Qh4 h6 13. e4 Bg6 14. e5 Nd5 15. Nxd5 exd5 16. Bf4 Re8 17. Rac1 Qd8 18. Qg4 Bf8 19. Rfe1 Nc5 20. Rcd1 Nd3 21. Re2 Qc8 22. Qxc8 Raxc8 23. Nh4 Nxf4 24. gxf4 Bh5 25. Bf3 Bxf3 26. Nxf3 Rc4 27. Rd4 Bc5 28. Rxc4 dxc4 29. Rc2 b5 30. b3 cxb3 31. axb3 Bb6 32. f5 Rd8 33. Kg2 Kf8 34. Kg3 Rd3 35. Rc8+ Ke7 36. Rb8 Rxb3 37. Rb7+ Ke8 38. Rb8+ Kd7 39. Rb7+ Bc7 40. Kf4 Rb4+ 41. Ke3 Kc8 42. Rxa7 Bb6+ 0-1


[Site "https://www.chess.com"]

[Event "Titled Tuesday Blitz March 01 Late 2022"]
[White "Vine, Elzbieta"]
[Black "Christie, Joshua"]
[WhiteFideId "1119320"]
[BlackFideId "7402074"]
[WhiteElo "1862"]
[BlackElo "2078"]
[Result "0-1"]
[Round "01"]
[TimeControl "180+1"]
[Date "2022.03.02"]
[WhiteClock "0:00:13"]
[BlackClock "0:00:31"]

1. e4 c6 2. d4 d5 3. exd5 cxd5 4. Bd3 Nc6 5. c3 Nf6 6. h3 e6 7. Nf3 Bd6 8. O-O O-O 9. Bg5 b6 10. Re1 Bb7 11. Nbd2 Qc7 12. Bxf6 gxf6 13. Ng5 fxg5 14. Bxh7+ Kg7 15. Qh5 Qe7 16. Nf3 Rh8 17. Nxg5 Bf4 18. Nxe6+ fxe6 19. Qg6+ Kf8 20. Rxe6 Qxh7 21. Rf6+ Ke7 22. Re1+ Kd8 23. Rxf4 Qxg6 24. Rf3 Re8 0-1


[Site "https://www.chess.com"]

[Event "Titled Tuesday Blitz March 01 Late 2022"]
[White "Weetik, Vjacheslav"]
[Black "Wu, Sibo"]
[WhiteFideId "4153472"]
[BlackFideId "8606048"]
[WhiteElo "2469"]
[BlackElo "2309"]
[Result "1-0"]
[Round "01"]
[TimeControl "180+1"]
[Date "2022.03.02"]
[WhiteClock "0:02:09"]
[BlackClock "0:00:58"]

1. d4 Nf6 2. Bf4 d5 3. e3 c5 4. c3 e6 5. Nd2 Nc6 6. Bd3 Bd6 7. Bxd6 Qxd6 8. f4 O-O 9. Ngf3 Rb8 10. a3 b5 11. O-O a5 12. Ne5 Ne7 13. Rf3 b4 14. axb4 axb4 15. Rh3 bxc3 16. Bxh7+ Nxh7 17. Qh5 1-0


[Site "https://www.chess.com"]

[Event "Titled Tuesday Blitz March 01 Late 2022"]
[White "Wieczorek, Oskar"]
[Black "Sadilek, Peter"]
[WhiteFideId "1133950"]
[BlackFideId "1616439"]
[WhiteElo "2319"]
[BlackElo "2145"]
[Result "1-0"]
[Round "01"]
[TimeControl "180+1"]
[Date "2022.03.02"]
[WhiteClock "0:00:33"]
[BlackClock "0:00:11"]

1. e4 e6 2. d4 d5 3. Nd2 Be7 4. Ngf3 Nf6 5. exd5 exd5 6. Bd3 O-O 7. O-O c5 8. dxc5 Bxc5 9. Nb3 Bb6 10. Bg5 Nc6 11. c3 h6 12. Bh4 g5 13. Bg3 Ne4 14. Nfd4 f5 15. f3 Nxg3 16. hxg3 Qf6 17. Bc2 a5 18. a4 Bd7 19. Qd2 Ne5 20. Bd3 Rad8 21. Bb5 Nc4 22. Qf2 f4 23. gxf4 gxf4 24. Bxd7 Rxd7 25. Rfe1 Rg7 26. Re6 Qxe6 27. Nxe6 Bxf2+ 28. Kxf2 b6 29. Nxf8 Kxf8 30. Nd4 Nxb2 31. Ne6+ Kf7 32. Nxg7 Kxg7 33. Ra2 Nc4 34. Ke2 Kf6 35. Kd3 Ke5 36. Re2+ Kd6 37. Kd4 Ne3 38. Rb2 Nc4 39. Rb1 Kc6 40. Rh1 b5 41. Rxh6+ Nd6 42. axb5+ 1-0


[Site "https://www.chess.com"]

[Event "Titled Tuesday Blitz March 01 Late 2022"]
[White "Yordanov, Nikolay Plamenov"]
[Black "Cardoso Cardoso, Jose Gabriel"]
[WhiteFideId "2907445"]
[BlackFideId "4430492"]
[WhiteElo "2248"]
[BlackElo "2451"]
[Result "0-1"]
[Round "01"]
[TimeControl "180+1"]
[Date "2022.03.02"]
[WhiteClock "0:00:20"]
[BlackClock "0:00:05"]

1. d4 Nf6 2. Bf4 g6 3. e3 Bg7 4. h3 O-O 5. Nf3 d6 6. Be2 b6 7. O-O Bb7 8. c4 c5 9. d5 Nh5 10. Nc3 Nxf4 11. exf4 Nd7 12. Qd2 Nf6 13. Rfe1 Re8 14. f5 Bc8 15. fxg6 hxg6 16. Bd3 a6 17. a4 Rb8 18. Re2 e5 19. dxe6 Bxe6 20. Rae1 Qd7 21. Ng5 Bf5 22. Rxe8+ Rxe8 23. Rxe8+ Nxe8 24. Nd5 Bxd3 25. Qxd3 Qxa4 26. Qe2 Be5 27. f4 Qa1+ 28. Kh2 Qxb2 29. Qe1 b5 30. fxe5 Qxe5+ 31. Qxe5 dxe5 32. Ne4 bxc4 33. Nxc5 a5 34. Nc3 Nd6 35. Nd7 e4 36. Nf6+ Kg7 37. Nfxe4 Nxe4 38. Nxe4 a4 39. Kg3 a3 40. Nc3 f5 41. Kf4 Kf6 42. g3 g5+ 43. Ke3 Ke5 44. h4 gxh4 45. gxh4 f4+ 46. Kf3 Kf5 47. Na2 Ke5 48. Nc3 Kf5 49. Na2 Ke5 50. Kg4 Ke4 51. h5 f3 52. Nc3+ Kd3 53. h6 f2 54. h7 f1=Q 55. h8=Q Qg1+ 56. Kf5 Qf2+ 57. Ke6 Qe1+ 58. Kd7 Qxc3 59. Qh3+ Kd2 60. Qg2+ Kc1 61. Qf1+ Kb2 62. Qe2+ Qc2 63. Qe5+ Ka2 64. Qd5 Qd3 65. Kc6 Qxd5+ 66. Kxd5 c3 0-1


[Site "https://www.chess.com"]

[Event "Titled Tuesday Blitz March 01 Late 2022"]
[White "Yuan, Qingyu"]
[Black "Vifleemskaia, Svetlana"]
[WhiteFideId "8609772"]
[BlackFideId "4129490"]
[WhiteElo "2359"]
[BlackElo "1901"]
[Result "1-0"]
[Round "01"]
[TimeControl "180+1"]
[Date "2022.03.02"]
[WhiteClock "0:00:02"]
[BlackClock "0:00:02"]

1. e4 e5 2. Nf3 Nc6 3. Bb5 a6 4. Ba4 Nf6 5. O-O Be7 6. Re1 b5 7. Bb3 d6 8. c3 O-O 9. h3 Nd7 10. d4 Bf6 11. d5 Ne7 12. Nbd2 g6 13. a4 Bb7 14. c4 b4 15. a5 Nc5 16. Bc2 Rb8 17. Nb3 Nxb3 18. Bxb3 c6 19. dxc6 Nxc6 20. Bh6 Re8 21. Ba4 Re7 22. Bxc6 Bxc6 23. b3 Qc7 24. Qd3 Ree8 25. Ra2 Be7 26. Nd2 f6 27. Nf1 Qd7 28. Be3 Qe6 29. Bb6 f5 30. Ng3 f4 31. Nf1 g5 32. Qf3 Rb7 33. Nh2 Qg6 34. Rd2 h5 35. Qd1 Kf7 36. f3 Kg7 37. Kf1 Bd7 38. c5 Bb5+ 39. Kg1 dxc5 40. Rd5 Bf6 41. Bxc5 Rbb8 42. Rd6 Red8 43. Bxb4 Rxd6 44. Qxd6 Rd8 45. Qb6 Qf7 46. Qf2 Rd7 47. Bc5 Rd3 48. b4 Qb3 49. Nf1 Qc4 50. Nd2 Qc2 51. Nf1 Qc4 52. Nh2 Qc2 53. Qxc2 1-0


[Site "https://www.chess.com"]

[Event "Titled Tuesday Blitz March 01 Late 2022"]
[White "Yurtseven, Melih"]
[Black "Indjic, Aleksandar"]
[WhiteFideId "6312160"]
[BlackFideId "911925"]
[WhiteElo "2160"]
[BlackElo "2616"]
[Result "0-1"]
[Round "01"]
[TimeControl "180+1"]
[Date "2022.03.01"]
[WhiteClock "0:00:34"]
[BlackClock "0:00:28"]

1. d4 Nf6 2. c4 c5 3. d5 e6 4. Nc3 exd5 5. cxd5 d6 6. e4 g6 7. f4 Bg7 8. Bb5+ Nfd7 9. Be2 Qh4+ 10. g3 Qd8 11. Nf3 O-O 12. O-O Nb6 13. f5 gxf5 14. Bg5 f6 15. Bf4 a6 16. Nh4 Qe7 17. exf5 N8d7 18. Bh5 Ne5 19. Qe2 Nbd7 20. Rae1 b5 21. g4 Bb7 22. Qd1 Nb6 23. Ne4 Bxd5 24. b3 Rad8 25. Qd2 Bxe4 26. Rxe4 Nf3+ 27. Nxf3 Qxe4 28. Kg2 Nd5 29. Kg3 Nxf4 30. Qxf4 Qxf4+ 31. Kxf4 Bh6+ 32. Ke4 d5+ 33. Kd3 d4 34. Re1 Be3 35. Nd2 c4+ 36. bxc4 Bxd2 37. Kxd2 bxc4 38. Re4 Rd7 39. h4 Rb8 40. g5 c3+ 41. Kc1 d3 42. gxf6 Kf8 43. f7 Re7 44. Re6 Rxe6 45. fxe6 Ke7 46. Bg4 Rb5 0-1


[Site "https://www.chess.com"]

[Event "Titled Tuesday Blitz March 01 Late 2022"]
[White "Zarubitski, Viachaslau"]
[Black "Unuk, Laura"]
[WhiteFideId "13509373"]
[BlackFideId "14609215"]
[WhiteElo "2325"]
[BlackElo "2221"]
[Result "1-0"]
[Round "01"]
[TimeControl "180+1"]
[Date "2022.03.02"]
[WhiteClock "0:01:10"]
[BlackClock "0:00:28"]

1. e4 e5 2. Nf3 Nc6 3. Bc4 Bc5 4. O-O Nf6 5. d4 Nxd4 6. Nxe5 O-O 7. Be3 Ne6 8. Bxe6 Bxe3 9. Bxf7+ Kh8 10. fxe3 d6 11. Ng6+ hxg6 12. Bxg6 Bg4 13. Qe1 Qd7 14. Qh4+ Kg8 15. Nc3 c6 16. h3 Be6 17. Rad1 Bc4 18. Rf4 Qe7 19. e5 Qxe5 20. Rxc4 Qxe3+ 21. Kh1 d5 22. Rf4 Rad8 23. Re1 Qd2 24. Rxf6 Rxf6 25. Qh7+ Kf8 26. Qh8# 1-0


[Site "https://www.chess.com"]

[Event "Titled Tuesday Blitz March 01 Late 2022"]
[White "Abdrlauf, Elham"]
[Black "Artemenko, Oleg"]
[WhiteFideId "1533533"]
[BlackFideId "14201798"]
[WhiteElo "2334"]
[BlackElo "2287"]
[Result "1-0"]
[Round "02"]
[TimeControl "180+1"]
[Date "2022.03.01"]
[WhiteClock "0:00:05"]
[BlackClock "0:00:04"]

1. e4 e6 2. d4 d5 3. Nc3 Nf6 4. Bg5 Bb4 5. e5 h6 6. Bd2 Bxc3 7. bxc3 Ne4 8. Bc1 c5 9. Ne2 Qa5 10. f3 Ng5 11. h4 Nh7 12. Bd2 Nc6 13. Kf2 Nf8 14. g4 Nd7 15. Be3 b6 16. Qe1 Ba6 17. Rd1 O-O-O 18. Bh3 Bc4 19. g5 h5 20. g6 Rdf8 21. gxf7 Bxe2 22. Kxe2 Nd8 23. Bg5 Qb5+ 24. Kf2 Qc6 25. c4 Rxf7 26. cxd5 Qxd5 27. Qe3 Rhf8 28. Bg2 Qxa2 29. d5 exd5 30. e6 d4 31. Qb3 Qxb3 32. exd7+ Kxd7 33. cxb3 Nc6 34. f4 Nd8 35. Rhe1 Kd6 36. Bh3 a5 37. Kg3 Kc6 38. f5 Kb5 39. Be7 Re8 40. f6 Nc6 41. Bd7 Rg8 42. Re6 gxf6+ 43. Kh2 Kb4 44. Bxc6 Rg4 45. Bxf6 Kc3 46. Rf1 Kxb3 47. Bd5+ Ka4 48. Ree1 Rf8 49. Ra1+ Kb5 50. Rfb1+ Ka6 51. Bg5 Rf2+ 52. Kh3 Rc2 53. Rf1 Rc3+ 54. Kh2 Rc2+ 55. Kh3 Rc3+ 56. Rf3 d3 57. Rd1 Rd4 58. Bf6 Rxd5 59. Bxc3 c4 60. Rf4 b5 61. Rf6+ Kb7 62. Bxa5 Re5 63. Rg1 Re3+ 64. Rg3 Re2 65. Rg7+ 1-0


[Site "https://www.chess.com"]

[Event "Titled Tuesday Blitz March 01 Late 2022"]
[White "Abdyzhapar, Asylbek"]
[Black "Golubovskis, Maksims"]
[WhiteFideId "13800337"]
[BlackFideId "11608528"]
[WhiteElo "2331"]
[BlackElo "2066"]
[Result "1-0"]
[Round "02"]
[TimeControl "180+1"]
[Date "2022.03.02"]
[WhiteClock "0:00:22"]
[BlackClock "0:00:03"]

1. e4 c5 2. Nf3 e6 3. d4 cxd4 4. Nxd4 Nf6 5. Nc3 Nc6 6. Be3 a6 7. f3 Bb4 8. Qd2 d5 9. a3 Ba5 10. Nb3 Bxc3 11. Qxc3 dxe4 12. Rd1 Qc7 13. fxe4 Qe5 14. Qxe5 Nxe5 15. Bd4 Nc6 16. e5 Ng4 17. Be2 Ngxe5 18. Bc3 O-O 19. O-O Ng6 20. Nc5 e5 21. Bf3 Nh4 22. Bd5 Bg4 23. Rde1 Rad8 24. Be4 Nd4 25. Nxb7 Rb8 26. Rf2 f6 27. Nc5 Rb6 28. h3 Bc8 29. Bd5+ Kh8 30. b4 Nhf5 31. g4 Ne7 32. Bg2 Ng6 33. Bb2 a5 34. c3 Nc6 35. Be4 Nf4 36. Kh2 g6 37. Kg3 Kg7 38. Bxc6 Rxc6 39. c4 axb4 40. axb4 Rb6 41. b5 Rd8 42. Rxe5 fxe5 43. Bxe5+ Kg8 44. Rxf4 Re8 45. Bd4 Rb8 46. Ne4 Rxe4 47. Rxe4 Kf7 48. Rf4+ Ke8 49. Bc5 Rb7 50. Rf8+ Kd7 51. Rf7+ Ke6 52. Rf4 Ke5 53. Bd4+ Ke6 54. b6 Bd7 55. Rf6+ Ke7 56. c5 1-0


[Site "https://www.chess.com"]

[Event "Titled Tuesday Blitz March 01 Late 2022"]
[White "Albornoz Cabrera, Carlos Daniel"]
[Black "Proleiko, Julian"]
[WhiteFideId "3518736"]
[BlackFideId "30900255"]
[WhiteElo "2490"]
[BlackElo "2116"]
[Result "1-0"]
[Round "02"]
[TimeControl "180+1"]
[Date "2022.03.02"]
[WhiteClock "0:00:32"]
[BlackClock "0:00:33"]

1. e4 c6 2. Nf3 d5 3. Nc3 dxe4 4. Nxe4 Nf6 5. Qe2 Bf5 6. Nxf6+ gxf6 7. d4 e6 8. g3 Bd6 9. Bg2 h5 10. Nh4 Bg4 11. f3 Bf5 12. c3 Bh7 13. f4 Qa5 14. b4 Qa6 15. Qxh5 Nd7 16. Bf1 Qa4 17. Qd1 Qxd1+ 18. Kxd1 Be4 19. Bg2 f5 20. Bxe4 fxe4 21. f5 Ke7 22. Bg5+ f6 23. Ng6+ Kf7 24. Nxh8+ Rxh8 25. fxe6+ Kxe6 26. Be3 Nb6 27. Ke2 Kd5 28. g4 Kc4 29. h4 Nd5 30. Rac1 a5 31. h5 Nxc3+ 32. Rxc3+ Kxc3 33. bxa5 Ra8 34. h6 Bf8 35. Rb1 Rxa5 36. Bd2+ Kc2 37. h7 Ra8 38. Rc1+ 1-0


[Site "https://www.chess.com"]

[Event "Titled Tuesday Blitz March 01 Late 2022"]
[White "Al-Tarboush, Ward"]
[Black "Beerdsen, Thomas"]
[WhiteFideId "7601450"]
[BlackFideId "1030108"]
[WhiteElo "2276"]
[BlackElo "2585"]
[Result "0-1"]
[Round "02"]
[TimeControl "180+1"]
[Date "2022.03.02"]
[WhiteClock "0:00:01"]
[BlackClock "0:00:25"]

1. e4 e5 2. Nf3 Nc6 3. Bb5 f5 4. Nc3 fxe4 5. Nxe4 Nf6 6. Nxf6+ Qxf6 7. Qe2 Be7 8. Bxc6 dxc6 9. Qxe5 O-O 10. Qxf6 Bxf6 11. O-O Bg4 12. d3 b6 13. Rb1 Bxf3 14. gxf3 Rae8 15. Be3 Be5 16. Kg2 Re6 17. f4 Rg6+ 18. Kh1 Bxf4 19. Bxf4 Rxf4 20. Rbe1 Kf7 21. Re3 Rgf6 22. Kg2 g5 23. h3 h5 24. Re5 Kg6 25. Re7 Rf7 26. Rxf7 Kxf7 27. Re1 Ra4 28. a3 c5 29. Re4 Ra5 30. Re5 Kf6 31. Rd5 Rb5 32. b3 a5 33. Rd7 a4 34. bxa4 Ra5 35. Rxc7 Rxa4 36. Rc6+ Ke5 37. Rxb6 Rxa3 38. Rg6 Kf5 39. Rc6 Rc3 40. Kf3 Rxc2 41. Ke3 h4 42. Rc8 Kf6 43. Rf8+ Kg7 44. Rf5 Kg6 45. Rf8 Rc1 46. f3 Rh1 47. Rc8 Rxh3 48. Rc6+ Kh7 49. Ke4 Rh1 50. Kf5 h3 51. Rc7+ Kg8 52. Kg6 Kf8 53. Kf6 Ke8 54. Rh7 h2 55. Kf5 g4 56. f4 g3 57. Ke6 Re1+ 58. Kd6 h1=Q 0-1


[Site "https://www.chess.com"]

[Event "Titled Tuesday Blitz March 01 Late 2022"]
[White "Antonio, Jorge Carlos"]
[Black "Gareyev, Timur"]
[WhiteFideId "113190"]
[BlackFideId "14200937"]
[WhiteElo "2247"]
[BlackElo "2586"]
[Result "0-1"]
[Round "02"]
[TimeControl "180+1"]
[Date "2022.03.02"]
[WhiteClock "0:00:31"]
[BlackClock "0:00:42"]

1. d4 Nf6 2. Nf3 b6 3. g3 Bb7 4. Bg2 g6 5. O-O Bg7 6. c4 e6 7. Nc3 Ne4 8. Nxe4 Bxe4 9. Ne1 Bxg2 10. Nxg2 d5 11. Qc2 Nc6 12. e3 O-O 13. cxd5 Qxd5 14. Nf4 Qd6 15. Bd2 e5 16. dxe5 Nxe5 17. Bc3 Nf3+ 18. Kg2 Qc6 19. e4 Nd4 20. Qd3 Qb5 21. Qxb5 Nxb5 22. Bxg7 Kxg7 23. Nd5 c6 24. Ne3 Rfe8 25. f3 f5 26. Rfd1 Re7 27. a4 Nc7 28. Rd6 fxe4 29. f4 Ne6 30. Rxc6 Rd8 31. Rd1 Rxd1 32. Nxd1 Nc5 33. a5 e3 34. Nc3 e2 35. Nxe2 Rxe2+ 36. Kf3 Rxb2 37. Rc7+ Kf6 38. Rxa7 Rb3+ 39. Kg2 bxa5 40. Rxa5 Ne6 41. Ra7 h5 42. Ra6 Rb2+ 43. Kg1 Kf5 44. h3 Nd4 45. Ra5+ Ke4 46. Rg5 Kf3 47. Kh1 Rb1+ 48. Kh2 Kf2 49. g4 Nf3# 0-1


[Site "https://www.chess.com"]

[Event "Titled Tuesday Blitz March 01 Late 2022"]
[White "Ardila, Oscar Humberto"]
[Black "Villegas, Pierre"]
[WhiteFideId "4404742"]
[BlackFideId "654183"]
[WhiteElo "1898"]
[BlackElo "2410"]
[Result "0-1"]
[Round "02"]
[TimeControl "180+1"]
[Date "2022.03.02"]
[WhiteClock "0:00:02"]
[BlackClock "0:00:08"]

1. d4 Nf6 2. c4 c5 3. d5 b5 4. Qc2 bxc4 5. Nc3 g6 6. e4 d6 7. Bxc4 Bg7 8. h3 O-O 9. Nf3 Nbd7 10. O-O Nb6 11. Bb5 Bd7 12. Re1 Bxb5 13. Nxb5 Nfd7 14. Bg5 Ne5 15. Nxe5 Bxe5 16. f4 Bg7 17. Rad1 Qd7 18. Nc3 Bxc3 19. bxc3 f6 20. Bh6 Rfd8 21. f5 Qa4 22. Qe2 Kf7 23. Qg4 Nc4 24. fxg6+ hxg6 25. Qe6+ Ke8 26. Bg7 Rab8 27. Bxf6 Rb7 28. Bg5 Ne5 29. Bf4 Nf7 30. Qxg6 Rb2 31. Qg8+ Kd7 32. Qxf7 Qc2 33. Rd2 Qxc3 34. Qe6+ Kc7 35. e5 Rxd2 36. exd6+ exd6 37. Bxd2 Qxd2 38. Qe3 Qxd5 39. Re2 Rg8 40. Rf2 Qd1+ 41. Kh2 Qd5 42. Qf4 Rd8 43. a4 c4 44. Rc2 Kb7 45. Rxc4 Rg8 46. Rb4+ Ka8 47. Rb2 Qe6 48. Rf2 d5 49. Qf5 Qd6+ 50. Qf4 Qg6 51. Qf3 Qd6+ 52. Kg1 Rc8 53. Rd2 Rc1+ 54. Kf2 Qc5+ 55. Qe3 Rf1+ 56. Ke2 Re1+ 57. Kxe1 Qxe3+ 58. Kd1 Qg1+ 59. Kc2 Qc5+ 60. Kd1 d4 61. Ke2 Qe5+ 62. Kd1 Qe3 63. Kc2 Qe4+ 64. Kd1 Kb7 65. g4 Qh1+ 66. Kc2 Qe4+ 67. Kb3 Kc6 68. Rc2+ Kd5 69. a5 Qe3+ 70. Kb2 Qxh3 71. Rc7 Qxg4 72. Rxa7 d3 73. Kc3 Qd4+ 74. Kd2 Qxa7 75. Kxd3 Qxa5 0-1


[Site "https://www.chess.com"]

[Event "Titled Tuesday Blitz March 01 Late 2022"]
[White "Avila Pavas, Santiago"]
[Black "Mickiewicz, Piotr"]
[WhiteFideId "4437128"]
[BlackFideId "1114891"]
[WhiteElo "2242"]
[BlackElo "2266"]
[Result "1-0"]
[Round "02"]
[TimeControl "180+1"]
[Date "2022.03.02"]
[WhiteClock "0:00:23"]
[BlackClock "0:00:26"]

1. d4 Nf6 2. Nf3 e6 3. g3 b6 4. Bg2 Bb7 5. c4 Bb4+ 6. Bd2 Bxd2+ 7. Qxd2 O-O 8. O-O d6 9. Na3 Be4 10. Nb5 Nbd7 11. Nc3 Bb7 12. d5 Nc5 13. Nd4 e5 14. Nc2 a5 15. e4 Bc8 16. Rab1 g6 17. b3 Nh5 18. f4 exf4 19. gxf4 Qh4 20. f5 gxf5 21. exf5 Kh8 22. Qd4+ Qxd4+ 23. Nxd4 Bd7 24. Rbe1 Rae8 25. Ncb5 Na6 26. Rxe8 Rxe8 27. f6 Re5 28. Kh1 h6 29. Nc6 Bxc6 30. dxc6 Kh7 31. Bh3 Kg6 32. Bc8 Nb4 33. Bd7 Na6 34. Bc8 Nb4 35. Bb7 Nd3 36. Nxc7 Re2 37. Nd5 Nf2+ 38. Rxf2 Rxf2 39. c7 Nf4 40. Nxf4+ Rxf4 41. c8=Q 1-0


[Site "https://www.chess.com"]

[Event "Titled Tuesday Blitz March 01 Late 2022"]
[White "Awatramani, Janak"]
[Black "Christie, Joshua"]
[WhiteFideId "2608359"]
[BlackFideId "7402074"]
[WhiteElo "2786"]
[BlackElo "2078"]
[Result "0-1"]
[Round "02"]
[TimeControl "180+1"]
[Date "2022.03.01"]
[WhiteClock "0:00:26"]
[BlackClock "0:00:25"]

1. b3 e5 2. Bb2 Nc6 3. e3 Bd6 4. Nf3 Nf6 5. d4 exd4 6. Nxd4 O-O 7. Nc3 Re8 8. Be2 Nxd4 9. Qxd4 Be5 10. Qd3 d5 11. Rd1 c6 12. O-O Qa5 13. a3 Bg4 14. b4 Qc7 15. h3 Bxe2 16. Qxe2 d4 17. Na4 dxe3 18. fxe3 Bxb2 19. Nxb2 Qe5 20. Nc4 Qc3 21. Qd3 Qxd3 22. Rxd3 Nd5 23. Nd6 Re7 24. c4 Nf6 25. Nf5 Re6 26. Rfd1 g6 27. Rd8+ Rxd8 28. Rxd8+ Re8 29. Rxe8+ Nxe8 30. Nd4 Nd6 31. c5 Nc4 32. Nc2 f5 33. Kf2 Kf7 34. Ke2 Ke6 35. Kd3 Ne5+ 36. Kd4 g5 37. Ne1 h6 38. a4 a6 39. Nc2 h5 40. Na1 h4 41. Nb3 g4 42. Na5 Nf3+ 43. Kd3 Ne1+ 44. Ke2 Nxg2 45. Nxb7 gxh3 46. Kf2 Nxe3 47. Nd8+ Kd7 48. Nf7 h2 49. Ne5+ 0-1


[Site "https://www.chess.com"]

[Event "Titled Tuesday Blitz March 01 Late 2022"]
[White "Babazada, Khazar"]
[Black "Martin Duque, Jesus"]
[WhiteFideId "13413554"]
[BlackFideId "2208954"]
[WhiteElo "2418"]
[BlackElo "2243"]
[Result "1-0"]
[Round "02"]
[TimeControl "180+1"]
[Date "2022.03.01"]
[WhiteClock "0:00:34"]
[BlackClock "0:01:28"]

1. e4 c5 2. Nf3 d6 3. d4 cxd4 4. Nxd4 Nf6 5. Nc3 a6 6. h3 e5 7. Nde2 Be6 8. g4 Be7 9. Bg2 O-O 10. O-O b5 11. Ng3 b4 12. Nd5 Nxd5 13. exd5 Bd7 14. Be4 a5 15. a3 bxa3 16. Rxa3 Na6 17. Be3 g6 18. Bh6 Re8 19. Qd2 Nc5 20. Bg2 Bf8 21. Bxf8 Rxf8 22. Qh6 Rb8 23. f4 exf4 24. Rxf4 Rxb2 25. Raf3 Qe7 26. Kh2 a4 27. g5 Qe5 28. Qxf8+ Kxf8 29. Rxf7+ Kg8 30. Rf8+ 1-0


[Site "https://www.chess.com"]

[Event "Titled Tuesday Blitz March 01 Late 2022"]
[White "Balint, Vilmos"]
[Black "Baskin, Robert"]
[WhiteFideId "718050"]
[BlackFideId "24662402"]
[WhiteElo "2059"]
[BlackElo "2488"]
[Result "0-1"]
[Round "02"]
[TimeControl "180+1"]
[Date "2022.03.02"]
[WhiteClock "0:00:37"]
[BlackClock "0:00:53"]

1. e4 e6 2. d4 d5 3. Nc3 dxe4 4. Nxe4 Nd7 5. Nf3 Ngf6 6. Ng3 c5 7. Be3 Nd5 8. Bg5 Qb6 9. Bc4 Qb4+ 10. Nd2 N7b6 11. Bb3 cxd4 12. O-O h6 13. a3 Qb5 14. Bh4 g5 15. Nge4 gxh4 16. Re1 Be7 17. Qh5 Bd7 18. c4 dxc3 19. bxc3 Nc7 20. Qg4 O-O-O 21. a4 Qa5 22. Qg7 Qf5 23. Bc2 Kb8 24. Ra2 Bc6 25. Nd6 Qg5 26. Qxg5 Bxg5 27. Nxf7 Bxd2 28. Rd1 Bg5 29. Nxh8 Rxh8 30. a5 Nbd5 31. c4 Nc3 0-1


[Site "https://www.chess.com"]

[Event "Titled Tuesday Blitz March 01 Late 2022"]
[White "Batsiashvili, Nino"]
[Black "Szente Varga, Fruzsina"]
[WhiteFideId "13602993"]
[BlackFideId "712264"]
[WhiteElo "2230"]
[BlackElo "1994"]
[Result "0-1"]
[Round "02"]
[TimeControl "180+1"]
[Date "2022.03.02"]
[WhiteClock "0:00:06"]
[BlackClock "0:00:15"]

1. d4 Nf6 2. Nf3 g6 3. c4 Bg7 4. g3 O-O 5. Bg2 c6 6. O-O d5 7. Nc3 dxc4 8. a4 Be6 9. Ng5 Qd7 10. e4 Rd8 11. Be3 h6 12. Nxe6 Qxe6 13. h3 Na6 14. Qe2 Nb4 15. Rad1 Rab8 16. f4 b5 17. axb5 cxb5 18. d5 Qd7 19. e5 Ne8 20. Ne4 Nd3 21. Nf2 Nxf2 22. Qxf2 a5 23. Bb6 Rdc8 24. Bxa5 Ra8 25. Bc3 Ra2 26. e6 Qc7 27. Qf3 fxe6 28. dxe6 Nd6 29. g4 b4 30. Bxg7 Kxg7 31. f5 Rf8 32. Qe3 Qa7 33. Rd4 Rxb2 34. Kh1 c3 35. Qe5+ Rf6 36. fxg6 Rxg2 37. Kxg2 Qb7+ 38. Kg3 c2 39. Rxd6 c1=Q 40. Rxc1 exd6 41. Qxd6 Qf3+ 42. Kh2 Qe2+ 43. Kg1 Qf2+ 44. Kh1 Qf3+ 45. Kh2 Qe2+ 46. Kg1 Qe4 47. Qd7+ Kxg6 48. Qd2 Qf3 49. Qc2+ Kg7 50. Qg2 Qe3+ 51. Kh2 Qxc1 52. e7 Qc7+ 53. Qg3 Qxe7 54. Qb3 Qe2+ 55. Kg3 Qf2# 0-1


[Site "https://www.chess.com"]